 Dungeon Crawl Stone Soup version 0.26-a0-540-g8a0c9464d7 (webtiles) character file.

Game seed: 879145223004411087

2 vurker the Sneak (level 1, 0/18 HPs)
             Began as a Formicid Delver on Aug 25, 2020.
             Was an Initiate of Gozag.
             Slain by a centaur skeleton (3 damage)
             ... on level 7 of the Dungeon.
             The game lasted 00:01:26 (746 turns).

vurker the Sneak (Formicid Delver)                   Turns: 746, Time: 00:01:26

Health: 0/18       AC:  3    Str: 16    XL:     1   Next: 33%
Magic:  1/1        EV: 11    Int:  9    God:    Gozag
Gold:   11         SH:  0    Dex: 12    Spells: 0/0 levels left

rFire    . . .     SeeInvis +   a - +0 hand axe
rCold    . . .     Faith    .   (no shield)
rNeg     . . .     Spirit   .   b - +0 leather armour
rPois    .         Reflect  .   (helmet unavailable)
rElec    .         Harm     .   (no cloak)
rCorr    .                      (no gloves)
MR       .....                  (no boots)
Stlth    ++........             (no amulet)
HPRegen  0.06/turn              (no ring)
MPRegen  0.07/turn              (no ring)

@: heavily drained
A: permanent stasis, dig shafts and tunnels, four strong arms, antennae 3
a: Dig, Shaft Self, Potion Petition, Call Merchant, Bribe Branch, Renounce
Religion


You were on level 7 of the Dungeon.
You worshipped Gozag.
Gozag was noncommittal.
You visited 2 branches of the dungeon, and saw 4 of its levels.

You collected 83 gold pieces.
You paid 72 gold pieces to Gozag.

Inventory:

Hand Weapons
 a - a +0 hand axe (weapon)
Armour
 b - a +0 leather armour (worn)
Wands
 v - a wand of digging (3)
Scrolls
 c - a scroll of fog
 d - a scroll of magic mapping
 e - 2 scrolls of fear
 f - a scroll of identify {unknown}


   Skills:
 + Level 3.3(1.9) Fighting
 * Level 2.1(0.7) Axes
 - Level 1.7(0.4) Dodging
 - Level 6.0(4.5) Stealth


You couldn't memorise any spells.
You didn't know any spells.
Your spell library was empty.

Dungeon Overview and Level Annotations

Branches:
Dungeon (7/15)             Temple (1/1) D:7

Altars:
Elyvilon
Fedhas
Gozag
Ru
Trog
Zin


Innate Abilities, Weirdness & Mutations

You cannot be hasted, slowed, berserked, paralysed or teleported.
You can dig through walls and to a lower floor.
Your four strong arms can wield two-handed weapons with a shield.
You have a pair of large antennae on your head. (SInv)


Message History

You finish taking off the +1 ring mail of Midwinter {rC- Int+4}.
You start putting on your armour.
You continue putting on your +0 leather armour. x5
You finish putting on your +0 leather armour.
Drop what? 8/52 slots (_ for help) (? for menu, Esc to quit)
You drop the +1 ring mail of Midwinter {rC- Int+4}.
You open the door.
Found a staircase to the Ecumenical Temple.
There is an open door here.
There is a staircase to the Ecumenical Temple here.
You climb downwards.
Welcome to the Ecumenical Temple!
Beware, you cannot shaft yourself on this level.
There is a staircase back to the Dungeon here.
You open the gate.
Found a bloodstained altar of Trog.
Found a glowing silver altar of Zin.
There is an open gate here.
There is an open gate here.
Found a blossoming altar of Fedhas and an opulent altar of Gozag.
Found a white marble altar of Elyvilon and a sacrificial altar of Ru.
There is an opulent altar of Gozag here.
You kneel at the altar of Gozag.
Gozag welcomes you!
You pay a service fee of 72 gold.
Gozag offers you a free set of potion effects!
There is an open gate here.
There is a staircase back to the Dungeon here.
You climb upwards.
There is a staircase to the Ecumenical Temple here.
You open the door.
There is an open door here.
You sense a monster nearby.
A bullfrog and a skeleton come into view.
Found 18 poisoned darts.
Unknown command.
There is an open door here.
You hit the centaur skeleton. The centaur skeleton barely misses you.
The centaur skeleton hits you!
You hit the centaur skeleton. The centaur skeleton hits you.
* * * LOW HITPOINT WARNING * * *
You hit the centaur skeleton.
The centaur skeleton closely misses you.
The centaur skeleton barely misses you.
You hit the centaur skeleton. The centaur skeleton barely misses you.
The centaur skeleton hits you.
* * * LOW HITPOINT WARNING * * *
There is a staircase to the Ecumenical Temple here.
The centaur skeleton hits you.
You die...
Your body crumbles into a pile of gold.

.#..##.# { ####.####
.#.###.# ..# #.#
.#.###.# #.# #.###
....)..# #.# ##..#
##.##### #.# ##[# #.#
###.### #.# #.# ###+###
#.#
#.############⌠.⌠#####.#
#.##.........'Z@.'.....#
#.##.###..####⌠.⌠####..#
#......... ####### ####
.....#?.Z. ###.###
.###..#..#. #.# .
..#..#F #.# .##( #. #.#
$ { ##. ## ..#


You could see a centaur skeleton.

Vanquished Creatures
  An orc (D:4)
1 creature vanquished.

Notes
Turn   | Place    | Note
-------+----------+-------------------------------------------
     0 | D:5      | vurker the Formicid Delver began the quest for the Orb.
     0 | D:5      | Reached XP level 1. HP: 18/18 MP: 1/1
    53 | D:4      | Noticed an ogre
    78 | D:4      | Noticed an orc wizard
   143 | D:4      | You fall into a shaft and drop 3 floors!
   452 | D:7      | Noticed a wight
   492 | D:7      | Got a heavily runed ring mail
   506 | D:7      | Identified the +1 ring mail of Midwinter {rC- Int+4} (You
                  | found it on level 7 of the Dungeon)
   524 | D:7      | Found a staircase to the Ecumenical Temple.
   529 | Temple   | Entered the Ecumenical Temple
   699 | Temple   | Became a worshipper of Gozag Ym Sagoz the Greedy
   735 | D:7      | Noticed a bullfrog
   746 | D:7      | Slain by a centaur skeleton

Illustrated notes

Levels and vault maps discovered:
D:4:      layout_loops_corners, gup_sewer_entry_bowl, minmay_crossroads,
          uniq_blork_the_orc, uniq_natasha
D:5:      layout_gridville
D:7:      layout_loops_cross, temple_doors_e, lemuel_mausoleum_altar_yredelemnul
Temple:   jpeg_temple_alley_garden

Action                   || total
-------------------------++-------
Melee: Hand axe          ||    17
 Abil: Dig               ||     3
       Shaft Self        ||     1
Armor: Leather armour    ||     2
Dodge: Dodged            ||    12

Table legend: (Time is in decaauts)
 A = Elapsed time spent in this place.
 B = Non-inter-level travel time spent in this place.
 C = Inter-level travel time spent in this place.
 D = Time resting spent in this place.
 E = Time spent auto-exploring this place.
 F = Levels seen in this place.
 G = Mean time per level.
                   A        B        C        D        E       F      G
               +--------+--------+--------+--------+--------+-----+--------+
         Total |    751 |    696 |     55 |    253 |    249 |   4 |  187.8 |
       Dungeon |    551 |    524 |     27 |    253 |     87 |   3 |  183.7 |
        Temple |    199 |    171 |     28 |      0 |    162 |   1 |  199.0 |
               +--------+--------+--------+--------+--------+-----+--------+

Top non-repeatable levels by time:
     D:7: 404 daAuts
  Temple: 199 daAuts
     D:4: 128 daAuts
     D:5: 18 daAuts
